 Dungeon Crawl Stone Soup version 0.17-a0-1831-gaadb308 (webtiles) character file.

53 kroki the Cutter (level 4, 0/28 HPs)
             Began as a Kobold Berserker on Sept 14, 2015.
             Was a Follower of Trog.
             Succumbed to Crazy Yiuf's poison
             ... while paralysed
             ... on level 2 of the Dungeon.
             The game lasted 00:01:42 (1205 turns).

kroki the Cutter (Kobold Berserker)                 Turns: 1205, Time: 00:01:43

Health: 0/28       AC:  3    Str: 15    XL:     4   Next: 11%
Magic:  1/4        EV:  3    Int:  5    God:    Trog [*.....]
Gold:   97         SH:  0    Dex: 16    Spells: 0 memorised, 3 levels left

rFire  . . .     SeeInvis .     a - +0 short sword
rCold  . . .     Clarity  .     g - +0 leather armour
rNeg   . . .     SustAt   .     (shield restricted)
rPois  .         Gourm    .     (no helmet)
rElec  .         Spirit   .     (no cloak)
rCorr  .         Warding  .     (no gloves)
rMut   .         Stasis   .     (no boots)
MR     .....                    (no amulet)
Stlth  +.........               (no ring)
                                (no ring)

@: paralysed, lethally poisoned (0 -> -9), exhausted, slowed, not resistant to
hostile enchantments, very unstealthy
A: carnivore 3
a: Burn Spellbooks, Berserk, Renounce Religion


You were on level 2 of the Dungeon.
You worshipped Trog.
Trog was aware of your devotion.
You were very full.

You visited 1 branch of the dungeon, and saw 2 of its levels.

You collected 97 gold pieces.

Inventory:

Hand weapons
 a - a +0 short sword (weapon)
Armour
 b - a +0 animal skin
 g - a +0 leather armour (worn)
   (You found it on level 1 of the Dungeon)
Scrolls
 d - a scroll of blinking {unknown}
 e - 2 scrolls of remove curse {unknown}
 f - 2 scrolls of recharging {unknown}
 h - a scroll of identify {unknown}
 i - a scroll of immolation {unknown}
Potions
 j - 2 potions of curing {unknown}
Comestibles
 c - 2 meat rations {@e2}


   Skills:
 + Level 3.5 Fighting
 + Level 5.5 Short Blades
 - Level 1.5 Armour
 + Level 3.0 Dodging


You had 3 spell levels left.
You didn't know any spells.

Dungeon Overview and Level Annotations

Branches:
Dungeon (2/15)

Altars:


Innate Abilities, Weirdness & Mutations

You are small and have problems with some larger weapons.
You are carnivorous and can eat meat at any time.


Message History

You see here a kobold corpse.
You see here a stone.
i - a scroll labeled VYDIUS HIPSO You see here a stone.
f - 2 scrolls labeled DUGAEMIAVI (gained 1)
j - a blue potion A kobold comes into view.
It is wielding a dagger.
A kobold is nearby!
A kobold is nearby!
A kobold is nearby!
A kobold is nearby!
A kobold is nearby!
A kobold is nearby!
The kobold shouts!
The kobold hits you but does no damage.
You hit the kobold.
You kill the kobold!
Trog accepts your kill.
Things that are here:
a dagger; a kobold corpse You start resting.
Health restored: 23
j - 2 blue potions (gained 1)
You now have 97 gold pieces (gained 10).
You see here a mace.
Found a glowing mace.
Crazy Yiuf the Enlightened comes into view.
He is wielding a quarterstaff of chaos.
Crazy Yiuf shouts!
Crazy Yiuf whimpers, "Rot tea tired!"
A red film seems to cover your vision as you go berserk!
You feel yourself moving faster!
You feel mighty!
Crazy Yiuf drinks a potion.
Crazy Yiuf suddenly seems more resistant.
You now have 34/34 hp.
You hit Crazy Yiuf but do no damage. You hit Crazy Yiuf.
Crazy Yiuf yells, "Fire!"
Crazy Yiuf hits you with a quarterstaff of chaos!
Crazy Yiuf freezes you.
You take 12 damage, and have 22/34 hp.
MASSIVE DAMAGE!!
You hit Crazy Yiuf. You hit Crazy Yiuf.
Crazy Yiuf hits you with a quarterstaff of chaos!
You are lethally poisoned!
You take 8 damage, and have 14/34 hp.
MASSIVE DAMAGE!!
Your leather armour prevents you from hitting Crazy Yiuf.
You feel sick.
You take 1 damage, and have 13/34 hp.
Your leather armour prevents you from hitting Crazy Yiuf.
You feel sick.
Crazy Yiuf hits you with a quarterstaff of chaos.
* * * LOW HITPOINT WARNING * * *
You feel your power leaking away.
You take 6 damage, and have 7/34 hp.
You now have 1/3 mp.
You hit Crazy Yiuf but do no damage.
* * * LOW HITPOINT WARNING * * *
You feel sick.
You take 1 damage, and have 6/34 hp.
You hit Crazy Yiuf. Crazy Yiuf barely misses you.
Unknown command.
You puncture Crazy Yiuf!
You kill Crazy Yiuf!
Trog accepts your kill.
Your Dodging skill increases to level 3!
You have reached level 4!
* * * LOW HITPOINT WARNING * * *
You feel sick.
Unknown command.
* * * LOW HITPOINT WARNING * * *
You feel sick.
Things that are here:
a quarterstaff of chaos; a glowing cloak; the gnoll corpse of Crazy Yiuf You take 1 damage, and have 5/42 hp.
You butcher the gnoll corpse of Crazy Yiuf.
You enjoyed that.
Items here: % ) [ รท a quarterstaff of chaos; a glowing cloak; 4 chunks of flesh {@w0} the gnoll skeleton of Crazy Yiuf There isn't anything to butcher here.
There isn't anything to butcher here.
There isn't anything to butcher here.
There isn't anything to butcher here.
Unknown command.
There is a lethal amount of poison in your body!
Unknown command.
You feel a strong urge to attack something.
* * * LOW HITPOINT WARNING * * *
You feel sick.
You take 1 damage, and have 4/42 hp.
Unknown command.
You are no longer berserk.
You pass out from exhaustion.
You feel yourself slow down.
* * * LOW HITPOINT WARNING * * *
You feel sick.
* * * LOW HITPOINT WARNING * * *
You feel sick.
You die...

#####
#..)#
#...#
#.).#
##.##
##@#
#.##
##.#
#.##
##.##
#..)##
#....#
##..##
#))))#


There were no monsters in sight!

Vanquished Creatures
  Crazy Yiuf (D:2)
  A giant gecko (D:1)
  5 bats
  2 giant cockroaches (D:1)
  2 hobgoblins (D:1)
  3 jackals (D:1)
  A giant newt (D:1)
  3 kobolds
  2 quokkas (D:2)
  5 rats
25 creatures vanquished.

Notes
Turn   | Place    | Note
--------------------------------------------------------------
     0 | D:1      | kroki the Kobold Berserker began the quest for the Orb.
     0 | D:1      | Reached XP level 1. HP: 14/14 MP: 1/1
   236 | D:1      | Reached XP level 2. HP: 12/19 MP: 2/2
   445 | D:1      | Reached skill level 5 in Short Blades
  1014 | D:2      | Reached XP level 3. HP: 18/23 MP: 3/3
  1186 | D:2      | Noticed Crazy Yiuf
  1196 | D:2      | HP: 7/34 [Crazy Yiuf/quarterstaff of chaos (5)]
  1199 | D:2      | Killed Crazy Yiuf
  1199 | D:2      | Reached skill level 3 in Dodging
  1199 | D:2      | Reached XP level 4. HP: 7/28 MP: 1/4
  1202 | D:2      | HP: 4/42 [poisoned by Crazy Yiuf]
  1204 | D:2      | HP: 1/28 [poisoned by Crazy Yiuf]
  1205 | D:2      | Succumbed to Crazy Yiuf's poison

Vault maps used:
D:1:      lightli_arrival_quake, serial_bayou, serial_bayou_lagoon_a,
          serial_bayou_crossing, serial_bayou_shore_a, serial_bayou_pond_a
D:2:      uniq_robin, uniq_crazy_yiuf_cottage

Action                   |  1- 3 |  4- 6 || total
-------------------------+-------+-------++-------
Melee: Short sword       |   106 |       ||   106
Invok: Berserk           |     1 |       ||     1
  Eat: Chunk             |     9 |       ||     9

Vault maps used:
D:1:      lightli_arrival_quake, serial_bayou, serial_bayou_lagoon_a,
          serial_bayou_crossing, serial_bayou_shore_a, serial_bayou_pond_a
D:2:      uniq_robin, uniq_crazy_yiuf_cottage

Table legend:
 A = Turns spent in this place as a percentage of turns spent in the entire game.
 B = Non-inter-level travel turns spent in this place as a percentage of non-inter-level travel turns spent in the entire game.
 C = Inter-level travel turns spent in this place as a percentage of turns spent in this place.
 D = Turns resting spent in this place as a percentage of non-inter-level travel turns spent in this place.
 E = Turns spent auto-exploring this place as a percentage of non-inter-level travel turns spent in this place.
 F = Non-inter-level travel turns spent in this place divided by the number of levels of this place that you've seen.
                   A       B       C       D       E      F
               +-------+-------+-------+-------+-------+----------------------
         Total | 100.0 | 100.0 |   0.3 |   0.6 |   5.2 | 317.5
       Dungeon | 100.0 | 100.0 |   0.3 |   0.6 |   5.2 | 317.5
               +-------+-------+-------+-------+-------+----------------------

Table legend:
 A = Kills in this place as a percentage of kills in entire the game.
 B = Kills by you in this place as a percentage of kills by you in the entire game.
 C = Kills by friends in this place as a percentage of kills by friends in the entire game.
 D = Other kills in this place as a percentage of other kills in the entire game.
 E = Experience gained in this place as a percentage of experience gained in the entire game.
 F = Experience gained in this place divided by the number of levels of this place that you have seen.
                   A       B       C       D       E      F
               +-------+-------+-------+-------+-------+----------------------
         Total | 100.0 | 100.0 |  -nan |  -nan | 100.0 |  38.5
       Dungeon | 100.0 | 100.0 |  -nan |  -nan | 100.0 |  38.5
               +-------+-------+-------+-------+-------+----------------------
